 Dungeon Crawl Stone Soup version 0.28.0-53-g5a82cb258f (webtiles) character file.

Game seed: 12771488914645938192

6069 Nyth the Protected (level 10, 0/91 HPs)
             Began as a Minotaur Berserker on Aug 9, 2022.
             Was a Priest of Trog.
             Slain by a yak (11 damage)
             ... on level 8 of the Dungeon.
             The game lasted 00:28:19 (9978 turns).

Nyth the Protected (Minotaur Berserker)             Turns: 9978, Time: 00:28:25

Health: 0/91       AC: 17    Str: 23    XL:     10   Next: 57%
Magic:  9/9        EV: 13    Int:  4    God:    Trog [***...]
Gold:   169        SH:  5    Dex: 13    Spells: 9/9 levels left

rFire   . . .      SeeInvis .   q - +2 great sword (vorpal)
rCold   . . .      Faith    .   (shield currently unavailable)
rNeg    . . .      Spirit   .   k - +0 plate armour
rPois   .          Reflect  +   (helmet restricted)
rElec   .          Harm     .   j - +0 cloak
rCorr   +          Rampage  .   r - +0 pair of gloves
Will    .....                   (no boots)
Stlth   ..........              p - amulet of reflection
HPRegen 0.25/turn               d - ring of resist corrosion
MPRegen 0.11/turn               c - +4 ring of evasion

@: on berserk cooldown, slowed, very slow
A: horns 2, retaliatory headbutt, hooves 1, screaming 1
a: Renounce Religion, Berserk, Trog's Hand


You were on level 8 of the Dungeon.
You worshipped Trog.
Trog was most pleased with you.
You visited 1 branch of the dungeon, and saw 8 of its levels.
You also visited: Sewer.

You collected 169 gold pieces.

Inventory:

Hand Weapons
 a - a +1 short sword of draining
 q - a +2 vorpal great sword (weapon)
 w - a +3 spear
Missiles
 n - 2 throwing nets
 s - 3 large rocks
Armour
 j - a +0 cloak (worn)
 k - a +0 plate armour (worn)
 r - a +0 pair of gloves (worn)
Jewellery
 c - a +4 ring of evasion (right hand)
 d - a ring of resist corrosion (left hand)
 p - an amulet of reflection (around neck)
Wands
 x - a wand of iceblast (10)
Scrolls
 i - a scroll of enchant weapon
 m - 3 scrolls of identify
 t - a scroll of teleportation
 u - 2 scrolls of fear
 v - a scroll of blinking
 y - a scroll of immolation {unknown}
 z - 2 scrolls of vulnerability {unknown}
Potions
 e - a potion of heal wounds
 f - 4 potions of brilliance
 g - a potion of cancellation
 h - a potion of curing
 l - 4 potions of flight
 o - 2 potions of might


   Skills:
 * Level 9.5 Fighting
 + Level 9.9 Long Blades
 + Level 5.7 Maces & Flails
 * Level 10.4 Armour
 * Level 7.1 Dodging
 + Level 3.5 Shields


You had 9 spell levels left.
You didn't know any spells.
Your spell library contained the following spells:

 Spells                   Type           Power      Damage    Failure   Level
 Blink                    Tloc           0%         N/A       100%        2
 Lesser Beckoning         Tloc           0%         N/A       100%        3
 Ozocubu's Armour         Ice            0%         N/A       100%        3
 Manifold Assault         Tloc           0%         N/A       100%        5
 Ozocubu's Refrigeration  Ice            0%         4d5       100%        7


Dungeon Overview and Level Annotations

Branches:
Dungeon (8/15)             Temple (0/1) D:7           Sewer (visited)
   Lair: D:8-11

Altars:
Cheibriados
Dithmenos
Makhleb
Qazlal
Ru
Uskayaw
Yredelemnul

Shops:
D:1 [:


Innate Abilities, Weirdness & Mutations

You have a pair of horns on your head.
You reflexively headbutt those who attack you in melee.
You have large cloven feet.
You occasionally shout uncontrollably at your foes.


Message History

You block the yak's attack.
You feel sick. The yak gores you but does no damage.
You slash the yak!
The yak is moderately wounded.
You feel yourself speed up.
You feel sick. The yak gores you but does no damage. The yak gores you.
The yak closely misses you. The yak gores you.
You slice the yak!!
You kill the yak!
Trog accepts your kill.
You are no longer berserk.
You are exhausted.
You feel yourself slow down.
You feel sick. You block the yak's attack.
You slash the yak! Your kick misses the yak.
You headbutt the yak, but do no damage.
The yak is heavily wounded.
You feel sick.
You are no longer poisoned.
You block the yak's attack.
The yak gores you but does no damage. x3
The yak misses you. You furiously retaliate!
You headbutt the yak! The yak gores you but does no damage.
You slash the yak!
You kill the yak!
Trog accepts your kill. The yak barely misses you. The yak gores you!
The yak barely misses you. The yak misses you. You furiously retaliate!
You headbutt the yak!
The yak gores you but does no damage. x2
You slash the yak! Your headbutt misses the yak.
The yak is almost dead.
The yak barely misses you. You furiously retaliate!
You headbutt the yak. The yak gores you. You block the yak's attack.
The yak gores you!
* * * LOW HITPOINT WARNING * * *
You block the yak's attack. The yak barely misses you.
You slice the yak!!
You kill the yak!
Trog accepts your kill. The yak gores you but does no damage.
The yak gores you!
* * * LOW HITPOINT WARNING * * *
The yak misses you. You block the yak's attack. The yak gores you!
You die...

...≈≈...≈≈≈..#
##...≈.≈≈≈....#
..≈.≈≈..≈.≈...##+###
.....≈.≈≈≈.≈..#....#
..≈.≈.≈.♣.[≈........
.....≈..≈≈.........#
..≈≈...............#
≈≈≈≈.....YYY.....#
..≈≈.....#@†.≈...#
.........#)......#.
......≈<.##.........
.........##.........
...S.....##.........
.≈S......##.........
≈≈≈≈.....##.........
≈≈≈≈....######+###+#
.≈≈.....#


You could see 3 yaks.

Vanquished Creatures
  Harold (D:7)
  The ghost of BuzzyBeetle the Carver, a novice GnCA of Ignis (D:7)
  A manticore (D:8)
  A hornet (D:8)
  Grinder (D:4)
  3 yaks (D:8)
  Sigmund (D:2)
  Eustachio (D:4)
  An orc warrior (D:6)
  2 ice beasts
  A black bear (D:7)
  4 necrophages
  3 ogres
  2 phantoms
  2 centaurs
  Blork the orc (D:4)
  5 kobold brigands (Sewer)
  3 scorpions
  A water moccasin zombie (D:7)
  A water moccasin skeleton (D:5)
  5 killer bees (D:5)
  A wight (D:7)
  A bullfrog zombie (D:7)
  2 howler monkeys (D:4)
  6 centaur zombies
  2 bullfrog skeletons
  A hound (D:5)
  3 iguanas
  2 jellies
  A centaur skeleton (D:7)
  Natasha (thrice) (D:2)
  2 orc wizards
  A scorpion zombie (D:5)
  A spectral killer bee (D:7)
  A spectral howler monkey (D:7)
  6 gnolls
  10 adders
  An ufetubus (D:5)
  5 worms
  A dart slug (D:1)
  16 orcs
  12 endoplasms
  2 giant cockroaches
  8 goblins
  7 hobgoblins
  14 jackals
  4 quokkas
  12 ball pythons
  7 bats
  7 frilled lizards
  15 kobolds
  13 rats
208 creatures vanquished.

Vanquished Creatures (others)
  23 plants
  A withered plant (D:7)
24 creatures vanquished.

Grand Total: 232 creatures vanquished

Notes
Turn   | Place    | Note
-------+----------+-------------------------------------------
     0 | D:1      | Nyth the Minotaur Berserker began the quest for the Orb.
     0 | D:1      | Reached XP level 1. HP: 19/19 MP: 0/0
   332 | D:1      | Reached XP level 2. HP: 27/27 MP: 1/1
   434 | D:1      | Found a faded altar of an unknown god.
   689 | D:1      | Found Wumadwil's Book Shop.
   737 | D:1      | Found Konedduy's Armour Shoppe.
   813 | D:1      | Reached ** piety under Trog
   814 | D:1      | Reached XP level 3. HP: 34/34 MP: 2/2
  1247 | D:2      | Noticed Sigmund
  1254 | D:2      | Killed Sigmund
  1255 | D:2      | Reached skill level 5 in Fighting
  1255 | D:2      | Reached skill level 5 in Maces & Flails
  1255 | D:2      | Reached skill level 3 in Armour
  1255 | D:2      | Reached XP level 4. HP: 42/42 MP: 3/3
  1255 | D:2      | Reached XP level 5. HP: 48/48 MP: 4/4
  1356 | D:2      | Noticed Natasha
  1364 | D:2      | Killed Natasha
  1482 | D:2      | Noticed Natasha
  1491 | D:2      | Killed Natasha
  1800 | D:2      | Noticed Natasha
  1811 | D:2      | Killed Natasha
  1812 | D:2      | Reached XP level 6. HP: 34/57 MP: 5/5
  2849 | D:3      | Found a glowing drain.
  2867 | D:3      | Reached skill level 4 in Armour
  3167 | Sewer    | Entered a sewer
  3204 | Sewer    | Reached skill level 1 in Long Blades
  3512 | Sewer    | Reached XP level 7. HP: 31/63 MP: 6/6
  3702 | Sewer    | Gained mutation: You have large cloven feet. [potion of
                  | mutation]
  3702 | Sewer    | Gained mutation: You occasionally shout uncontrollably at
                  | your foes. [potion of mutation]
  3862 | Sewer    | Reached *** piety under Trog
  3863 | Sewer    | Reached skill level 5 in Armour
  4257 | Sewer    | Reached skill level 1 in Shields
  5003 | D:3      | Found a burning altar of Makhleb.
  5060 | D:4      | Noticed Blork the orc
  5061 | D:4      | Found a stormy altar of Qazlal.
  5069 | D:4      | Killed Blork the orc
  5703 | D:4      | Found a basalt altar of Yredelemnul.
  5703 | D:4      | Found a shadowy altar of Dithmenos.
  5703 | D:4      | Found a hide-covered altar of Uskayaw.
  5703 | D:4      | Found a sacrificial altar of Ru.
  5720 | D:4      | Reached XP level 8. HP: 65/71 MP: 7/7
  5914 | D:4      | Noticed Eustachio
  5930 | D:4      | Killed Eustachio
  5931 | D:4      | Reached skill level 6 in Armour
  6037 | D:4      | Noticed Grinder
  6038 | D:4      | Paralysed by Grinder for 4 turns
  6045 | D:4      | Killed Grinder
  6046 | D:4      | Reached skill level 5 in Long Blades
  6307 | D:4      | Reached skill level 7 in Armour
  6307 | D:4      | Reached skill level 5 in Dodging
  6392 | D:5      | Entered Level 5 of the Dungeon
  6401 | D:5      | Found a snail-covered altar of Cheibriados.
  6679 | D:5      | Reached XP level 9. HP: 62/81 MP: 8/8
  6855 | D:5      | Reached **** piety under Trog
  7115 | D:5      | Reached skill level 8 in Armour
  8628 | D:7      | Found a staircase to the Ecumenical Temple.
  8647 | D:7      | Reached skill level 9 in Armour
  8827 | D:7      | Noticed Harold
  8834 | D:7      | Killed Harold
  8835 | D:7      | Reached XP level 10. HP: 91/91 MP: 9/9
  9163 | D:7      | Found a runed translucent gate.
  9163 | D:7      | Found a runed translucent gate.
  9163 | D:7      | Found a runed translucent gate.
  9170 | D:7      | Noticed BuzzyBeetle's ghost (novice GnCA)
  9469 | D:7      | Killed BuzzyBeetle's ghost
  9470 | D:7      | Reached skill level 10 in Armour
  9876 | D:8      | Noticed a manticore
  9883 | D:8      | Killed a manticore
  9978 | D:8      | Slain by a yak

Illustrated notes

Levels and vault maps discovered:
D:1:      evilmike_arrival_hilbert_curve, layout_loops_ring, serial_shops, shop,
          nicolae_shop_trees, nicolae_ecumenical_snake_handling
D:2:      layout_loops_corners, chequers_serial_rivers_large_a,
          serial_bayou_pond_d, uniq_sigmund, uniq_natasha
D:3:      layout_loops_ring, nicolae_overflow_hidden_temple,
          cheibrodos_sewer_entry_sluice, serial_bayou_pond_c,
          chequers_serial_rivers_micro_c, minmay_vboxes
D:4:      layout_basic, nicolae_qazlal_general_emergency,
          grunt_temple_overflow_cloverleaf,
          hangedman_abyss_or_decor_jellyfish_corner, uniq_blork_the_orc,
          uniq_eustachio, uniq_grinder
D:5:      wad_lake_hut, layout_rooms, mainiacjoe_overflow_cross_hatched,
          grunt_decor_fettered
D:6:      layout_basic
D:7:      layout_basic, minmay_temple_entry_slanted, gammafunk_ghost_necromancy,
          serial_undead, serial_undead_c, serial_undead_a, serial_undead_f,
          serial_undead_c, serial_undead_c, serial_undead_e, uniq_harold
D:8:      layout_basic, chequers_serial_rivers_marsh

Skill      XL: |  1  2  3  4  5  6  7  8  9 10 |
---------------+-------------------------------+-----
Fighting       | 4 5 6 8 9 |  9.5
Maces & Flails | 4 5 |  5.7
Armour         | 3 4 5 7 9 10 | 10.4
Dodging        | 3 4 5 6 7 |  7.1
Long Blades    | 2 3 6 8 9 |  9.9
Shields        | 1 2 3 |  3.5

Action                   |  1- 3 |  4- 6 |  7- 9 | 10-12 || total
-------------------------+-------+-------+-------+-------++-------
Melee: Mace              |    64 |    76 |       |       ||   140
       Headbutt          |     2 |    18 |    39 |     9 ||    68
       Punch             |       |     3 |       |       ||     3
       Great sword       |       |    45 |   242 |    33 ||   320
       Kick              |       |       |    56 |     4 ||    60
Invok: Berserk           |     1 |     3 |     8 |     4 ||    16
  Use: Scroll            |       |     7 |     8 |       ||    15
       Potion            |       |     3 |     3 |     4 ||    10
Armor: Leather armour    |    17 |     4 |       |       ||    21
       Scale mail        |       |    42 |    58 |       ||   100
       Plate armour      |       |       |    47 |    37 ||    84
Dodge: Dodged            |    33 |    83 |   182 |    27 ||   325
Block: Other             |       |    19 |    70 |    21 ||   110
       Reflection        |       |     1 |     7 |       ||     8
